 Dungeon Crawl Stone Soup version 0.22.0-5-gf09313c8f9 (webtiles) character file.

256 Kirk the Chopper (level 6, -9/50 HPs)
             Began as a Gnoll Wanderer on Aug 13, 2018.
             Mangled by an ogre
             ... wielding a +0 giant spiked club
              (21 damage)
             ... on level 4 of the Dungeon on Aug 14, 2018.
             The game lasted 00:05:43 (3170 turns).

Kirk the Chopper (Gnoll Wanderer)                   Turns: 3170, Time: 00:05:43

Health: -9/50      AC:  9    Str: 16    XL:     6   Next: 16%
Magic:  17/17      EV: 10    Int: 13    God:
Gold:   240        SH:  5    Dex: 14    Spells: 8/8 levels left

rFire    . . .     SeeInvis .   b - +0 hand axe
rCold    . . .     Gourm    .   c - +0 buckler
rNeg     . . .     Faith    .   a - +2 scale mail
rPois    .         Spirit   .   (no helmet)
rElec    .         Reflect  .   (no cloak)
rCorr    .         Harm     .   (no gloves)
MR       .....                  (no boots)
Stlth    +.........             j - amulet of rage
HPRegen  0.00/turn              f - ring of magical power
MPRegen  0.15/turn              (no ring)

@: no status effects
A: distributed training, fangs 1, dopey 1, inhibited regeneration, wild magic 1,
strong nose
a: Evoke Berserk Rage


You were on level 4 of the Dungeon.
You were hungry.

You visited 1 branch of the dungeon, and saw 4 of its levels.

You collected 240 gold pieces.

Inventory:

Hand Weapons
 b - a +0 hand axe (weapon)
 e - a +1 whip of venom
Armour
 a - a +2 scale mail (worn)
 c - a +0 buckler (worn)
Jewellery
 f - a ring of magical power (left hand)
 j - an amulet of rage (around neck)
Scrolls
 g - a scroll of teleportation
 h - 2 scrolls of remove curse
Potions
 k - a potion of brilliance
 l - a potion of haste
 n - a potion of lignification {unknown}
 q - a potion of magic {unknown}
Comestibles
 d - 8 rations


   Skills:
 + Level 4.9 Fighting
 + Level 1.8 Short Blades
 + Level 1.8 Long Blades
 + Level 6.8 Axes
 + Level 3.1 Maces & Flails
 + Level 1.8 Polearms
 + Level 1.8 Staves
 + Level 1.8 Slings
 + Level 1.8 Bows
 + Level 1.8 Crossbows
 + Level 1.8 Throwing
 + Level 4.9 Armour
 + Level 1.8 Dodging
 + Level 1.8 Stealth
 + Level 3.1 Shields
 + Level 1.8 Unarmed Combat
 + Level 1.8 Spellcasting
 + Level 1.4 Conjurations
 + Level 1.4 Hexes
 + Level 1.4 Charms
 + Level 1.4 Summonings
 + Level 1.4 Necromancy
 + Level 1.4 Translocations
 + Level 1.4 Transmutations
 + Level 1.4 Fire Magic
 + Level 1.4 Ice Magic
 + Level 1.4 Air Magic
 + Level 1.4 Earth Magic
 + Level 1.4 Poison Magic
 + Level 2.0 Invocations
 + Level 3.1 Evocations


You had 8 spell levels left.
You didn't know any spells.
Your spell library was empty.

Dungeon Overview and Level Annotations

Branches:
Dungeon (4/15)
 Temple: D:4-7

Altars:
Gozag


Innate Abilities, Weirdness & Mutations

Your experience applies equally to all skills.
You have very sharp teeth.
Your uncanny sense of smell can sniff out nearby items.
You are dopey. (Int -2)
You do not regenerate when monsters are visible.
Your spells are a little harder to cast, but a little more powerful.


Message History

The ogre hits you with a giant spiked club!
* * * LOW HITPOINT WARNING * * *
Unknown command.
You feel better.
You hit the ogre.
The ogre is heavily wounded.
The ogre hits you with a giant spiked club.
* * * LOW HITPOINT WARNING * * *
You hit the ogre.
The ogre is severely wounded.
The ogre barely misses you.
You hit the ogre.
The ogre is severely wounded.
You hit the ogre.
The ogre is almost dead.
You block the ogre's attack.
You hit the ogre.
The ogre is almost dead.
The ogre hits you with a giant spiked club!!
You die...

.### #.....##......
....########.............
.......<..............###
.........##.....#....#
...#...#.........#..#.##
...###.#.###...........#
#........# ###.........##
#......O####.......†.....
#.......@..............##
..####................###
# #................# #
#................# #
.................# #
.......##........####
....................#.
.....(...#.............
... #.............


You could see an ogre.

Vanquished Creatures
  A scorpion (D:4)
  Natasha (thrice) (D:3)
  6 adders
  An ooze (D:1)
  5 worms
  A dart slug (D:4)
  2 leopard geckos
  An orc (D:4)
  8 giant cockroaches
  7 goblins
  6 hobgoblins
  5 kobolds
  2 quokkas
  6 bats
  6 frilled lizards
  2 leopard gecko skeletons
  4 rats
66 creatures vanquished.

Notes
Turn   | Place    | Note
-------+----------+-------------------------------------------
     0 | D:1      | Kirk the Gnoll Wanderer began the quest for the Orb.
     0 | D:1      | Kirk set off with: a +2 scale mail, a +0 hand axe, a +0 buckler, a ration
     0 | D:1      | Reached XP level 1. HP: 20/20 MP: 2/2
   144 | D:1      | Reached XP level 2. HP: 18/26 MP: 3/3
   738 | D:2      | Reached XP level 3. HP: 20/31 MP: 4/4
  1013 | D:2      | Found an opulent altar of Gozag.
  1067 | D:2      | Reached skill level 1 in Invocations
  1095 | D:2      | Reached skill level 1 in Short Blades
  1095 | D:2      | Reached skill level 1 in Long Blades
  1095 | D:2      | Reached skill level 1 in Polearms
  1095 | D:2      | Reached skill level 1 in Staves
  1095 | D:2      | Reached skill level 1 in Slings
  1095 | D:2      | Reached skill level 1 in Bows
  1095 | D:2      | Reached skill level 1 in Crossbows
  1095 | D:2      | Reached skill level 1 in Throwing
  1095 | D:2      | Reached skill level 1 in Dodging
  1095 | D:2      | Reached skill level 1 in Stealth
  1095 | D:2      | Reached skill level 1 in Unarmed Combat
  1095 | D:2      | Reached skill level 1 in Spellcasting
  1095 | D:2      | Reached XP level 4. HP: 29/38 MP: 4/6
  1809 | D:3      | Reached skill level 1 in Conjurations
  1809 | D:3      | Reached skill level 1 in Hexes
  1809 | D:3      | Reached skill level 1 in Charms
  1809 | D:3      | Reached skill level 1 in Summonings
  1809 | D:3      | Reached skill level 1 in Necromancy
  1809 | D:3      | Reached skill level 1 in Translocations
  1809 | D:3      | Reached skill level 1 in Transmutations
  1809 | D:3      | Reached skill level 1 in Fire Magic
  1809 | D:3      | Reached skill level 1 in Ice Magic
  1809 | D:3      | Reached skill level 1 in Air Magic
  1809 | D:3      | Reached skill level 1 in Earth Magic
  1809 | D:3      | Reached skill level 1 in Poison Magic
  1813 | D:3      | Gained mutation: You are dopey. (Int -2) [potion of mutation]
  1813 | D:3      | Gained mutation: You do not regenerate when monsters are visible. [potion of mutation]
  1813 | D:3      | Gained mutation: Your spells are a little harder to cast, but a little more powerful. [potion of mutation]
  2494 | D:3      | Noticed Natasha
  2501 | D:3      | Killed Natasha
  2501 | D:3      | Reached XP level 5. HP: 43/43 MP: 7/7
  2611 | D:3      | Noticed Natasha
  2637 | D:3      | Killed Natasha
  2805 | D:3      | Noticed Natasha
  2823 | D:3      | Killed Natasha
  2883 | D:4      | Reached XP level 6. HP: 33/50 MP: 8/8
  3170 | D:4      | Mangled by an ogre

Skill      XL: |  1  2  3  4  5 |
---------------+----------------+-----
Invocations    | 1 2 |  2.0
Short Blades   | 1 |  1.8
Long Blades    | 1 |  1.8
Polearms       | 1 |  1.8
Staves         | 1 |  1.8
Slings         | 1 |  1.8
Bows           | 1 |  1.8
Crossbows      | 1 |  1.8
Throwing       | 1 |  1.8
Dodging        | 1 |  1.8
Stealth        | 1 |  1.8
Unarmed Combat | 1 |  1.8
Spellcasting   | 1 |  1.8
Conjurations   | 1 |  1.4
Hexes          | 1 |  1.4
Charms         | 1 |  1.4
Summonings     | 1 |  1.4
Necromancy     | 1 |  1.4
Translocations | 1 |  1.4
Transmutations | 1 |  1.4
Fire Magic     | 1 |  1.4
Ice Magic      | 1 |  1.4
Air Magic      | 1 |  1.4
Earth Magic    | 1 |  1.4
Poison Magic   | 1 |  1.4
Maces & Flails | 3 |  3.1
Shields        | 3 |  3.1
Evocations     | 3 |  3.1
Fighting       | |  4.9
Axes           | |  6.8
Armour         | |  4.9

Action                   |  1- 3 |  4- 6 || total
-------------------------+-------+-------++-------
Melee: Hand axe          |   129 |   202 ||   331
       Bite              |    14 |    25 ||    39
  Use: Scroll            |       |     7 ||     7
       Potion            |       |     4 ||     4
  Eat: Chunk             |       |     7 ||     7
Armor: Scale mail        |    58 |    78 ||   136
Dodge: Dodged            |    51 |    86 ||   137
Block: Buckler           |    35 |    42 ||    77
